 Dungeon Crawl Stone Soup version 0.31-b1-17-gcfd88c8481 (webtiles) character file.

Game seed: 1430914052958986516

102 jondo1214 the Chopper (level 4, 0/40 HPs)
             Began as a Hill Orc Fighter on Jan 15, 2024.
             Was a Follower of Beogh.
             Slain by a wyvern skeleton (10 damage)
             ... on level 3 of the Dungeon.
             The game lasted 00:10:46 (2583 turns).

jondo1214 the Chopper (Hill Orc Fighter)            Turns: 2583, Time: 00:10:47

Health: 0/40       AC: 13    Str: 20    XL:     4   Next: 77%
Magic:  4/4        EV: 28    Int:  8    God:    Beogh [*.....]
Gold:   123        SH:  0    Dex: 10    Spells: 3/3 levels left

rFire   + . .        a - +0 war axe
rCold   . . .        h - orb of Conscience {light, rF+ rN+ Stlth+}
rNeg    + . .        o - +0 chain mail
rPois   .            e - +0 helmet
rElec   .            s - +0 cloak
rCorr   .            p - +0 pair of gloves
SInv    +            (no boots)
Will    .....        l - amulet of the acrobat Stlth
                     g - ring of see invisible
HPRegen 0.26/turn    j - +5 ring of evasion
MPRegen 0.09/turn

%: acrobat
@: mighty, acrobatic, glowing
A: no striking features
a: Renounce Religion


You were on level 3 of the Dungeon.
You worshipped Beogh.
Beogh was aware of your devotion.
You visited 1 branch of the dungeon, and saw 3 of its levels.

You collected 123 gold pieces.

Inventory:

Hand Weapons
 a - a +0 war axe (weapon)
Armour
 e - a +0 helmet (worn)
 h - the orb of Conscience (worn) {light, rF+ rN+ Stlth+}
   (You found it on level 2 of the Dungeon)

   rF+:       It protects you from fire.
   rN+:       It protects you from negative energy.
   Stlth+:    It makes you more stealthy.
 o - a +0 chain mail (worn)
 p - a +0 pair of gloves (worn)
 s - a +0 cloak (worn)
Jewellery
 c - a ring of magical power
 g - a ring of see invisible (left hand)
 j - a +5 ring of evasion (right hand)
 l - an amulet of the acrobat (around neck)
Scrolls
 b - a scroll of fog
 f - a scroll of identify
 i - a scroll of fear
 k - a scroll of amnesia {unknown}
Potions
 m - a potion of lignification
 n - a potion of brilliance
 q - a potion of ambrosia


   Skills:
 * Level 4.0 Fighting
 * Level 4.4 Axes
 * Level 4.1 Armour
 + Level 0.2 Dodging
 * Level 3.9 Shields


You had 3 spell levels left.
You didn't know any spells.
Your spell library contained the following spells:

 Spells                   Type           Power      Damage    Failure   Level
 Scorch                   Fire           0%         2d5       99%         2
 Hailstorm                Conj/Ice       0%         3d5       100%        3
 Summon Ice Beast         Ice/Summ       0%         N/A       100%        3
 Flame Wave               Conj/Fire      0%         2d4       100%        4
 Sculpt Simulacrum        Ice/Alch       0%         N/A       100%        6
 Summon Cactus Giant      Summ           0%         N/A       100%        6


Dungeon Overview and Level Annotations

Branches:
Dungeon (3/15)

Altars:

Annotations:
D:3 tab's ghost, amateur DgSh


Message History

The water moccasin zombie bites you. The wyvern skeleton closely misses you.
Tab's ghost hits you. The water moccasin zombie misses you.
You barely miss the water moccasin zombie.
The water moccasin zombie is moderately damaged.
You hit tab's ghost but do no damage. You hit the wyvern skeleton.
The wyvern skeleton barely misses you.
Tab's ghost hits you but does no damage.
The water moccasin zombie closely misses you.
The wyvern skeleton bites you but does no damage.
Okay, then.
You feel very mighty all of a sudden.
Tab's ghost hits you but does no damage.
The water moccasin zombie misses you. The wyvern skeleton bites you.
* * * LOW HITPOINT WARNING * * *
You feel better. The wyvern skeleton bites you!
* * * LOW HITPOINT WARNING * * *
The water moccasin zombie barely misses you.
Tab's ghost hits you but does no damage.
The wyvern skeleton attacks as it pursues you!
The wyvern skeleton barely misses you.
The water moccasin zombie attacks as it pursues you!
The water moccasin zombie bites you but does no damage.
The water moccasin zombie completely misses you.
The wyvern skeleton attacks as it pursues you!
The wyvern skeleton barely misses you.
The wyvern skeleton attacks as it pursues you!
The wyvern skeleton completely misses you. x2
The wyvern skeleton attacks as it pursues you!
The wyvern skeleton misses you.
The wyvern skeleton attacks as it pursues you!
The wyvern skeleton completely misses you.
The wyvern skeleton completely misses you.
The wyvern skeleton attacks as it pursues you!
The wyvern skeleton completely misses you.
The wyvern skeleton attacks as it pursues you!
The wyvern skeleton completely misses you.
The wyvern skeleton completely misses you.
The wyvern skeleton attacks as it pursues you!
The wyvern skeleton bites you!
You die...

#.##.## #..#####.###...#
#.##.# #.## #Z# ##.##
#.##.# #.# #.# #.#
#.##.# #.# ##W####.#
#.##.# #.# #.....>.#
#.##.#####.#####..######
#.##.##..........Z#
........##.#####Z##
##......##.# #@#
...........# #.#
##>....##### #.# #.....#
#.# ######## #.# #.....#
#.# #.###.# #.# #.#
#.########.# #.#
#..........#


You could see tab's ghost, a water moccasin zombie and 2 wyvern skeletons.

Vanquished Creatures
  2 adders (D:3)
  2 dart slugs (D:2)
  A ribbon worm (D:2)
  4 orcs (D:3)
  3 ball pythons
  4 bats
  8 endoplasms (D:1)
  A giant cockroach (D:3)
  4 goblins
  11 hobgoblins
  8 jackals (D:3)
  3 frilled lizards
  8 kobolds
  5 rats
64 creatures vanquished.

Notes
Turn   | Place    | Note
-------+----------+-------------------------------------------
     0 | D:1      | jondo1214 the Hill Orc Fighter began the quest for the Orb.
     0 | D:1      | Reached XP level 1. HP: 19/19 MP: 1/1
   420 | D:1      | Found a faded altar of an unknown god.
   533 | D:1      | Reached XP level 2. HP: 16/27 MP: 2/2
   994 | D:1      | Reached XP level 3. HP: 26/33 MP: 3/3
  1451 | D:2      | Identified the orb of Conscience {light, rF+ rN+ Stlth+}
  1896 | D:3      | Became a worshipper of Beogh the Brigand
  1901 | D:3      | Reached XP level 4. HP: 40/40 MP: 4/4
  2297 | D:3      | Reached * piety under Beogh
  2321 | D:3      | Found a runed translucent gate.
  2321 | D:3      | Found a runed translucent gate.
  2321 | D:3      | Found a runed translucent gate.
  2323 | D:3      | Noticed tab's ghost (amateur DgSh)
  2583 | D:3      | Slain by a wyvern skeleton

Illustrated notes

Levels and vault maps discovered:
D:1:      ncdulo_smallfort, layout_loops_cross, basic_ecumenical_altar
D:2:      layout_basic
D:3:      layout_loops_ring, gammafunk_ghost_necromancy, minmay_close_crescents

Skill      XL: |  1  2  3  4 |
---------------+-------------+-----
Axes           | 3 4 |  4.4
Armour         | 4 |  4.1
Fighting       | 4 |  4.0
Dodging        | |  0.2
Shields        | |  3.9

Action                     |  1- 3 |  4- 6 || total
---------------------------+-------+-------++-------
  Melee: War axe           |   104 |    39 ||   143
 Invoke: Convert to Beogh  |     1 |       ||     1
    Use: Scroll            |     2 |     9 ||    11
         Potion            |       |     2 ||     2
 Armour: Scale mail        |    47 |     4 ||    51
         Chain mail        |       |    37 ||    37
  Dodge: Dodged            |    52 |    43 ||    95
  Block: Buckler           |    17 |       ||    17
